[Event "ICC tourney 2721 (40 10)"]
[Site "Internet Chess Club"]
[Date "2021.10.30"]
[Round "5"]
[White "WU, WENTAO:Threehundreds"]
[Black "BRUDNO, STEPHEN:StevChess01"]
[Result "1/2-1/2"]
[ICCResult "Game drawn by mutual agreement"]
[WhiteElo "1466"]
[BlackElo "1607"]
[Opening "Sicilian: O'Kelly variation"]
[ECO "B28"]
[NIC "SI.43"]
[Time "20:00:37"]
[PlyCount "126"]
[TimeControl "2400+10"]

1. e4 c5 2. Nf3 a6 3. d4 cxd4 4. Nxd4 Nf6 5. Nc3 e5 6. Nb3 Bb4 7. Qd3 O-O 8.
f3 d5 9. exd5 Nxd5 10. Bd2 Nxc3 11. Bxc3 Qxd3 12. cxd3 Bxc3+ 13. bxc3 Nc6
14. Kd2 Bf5 15. Re1 f6 16. Rb1 b6 17. Be2 Rfd8 18. Rb2 Rd6 19. Ke3 Rad8 20.
Rd1 Bg6 21. g4 Ne7 22. c4 a5 23. a4 Nc6 24. Rbd2 Be8 25. Ra1 Nd4 26. Nxd4
Rxd4 27. Ra3 g6 28. Bd1 Kg7 29. Rb2 R4d6 30. Bc2 f5 31. Ra1 Kf6 32. Rab1
fxg4 33. fxg4 Kg5 34. Rxb6 Kxg4 35. Rxd6 Rxd6 36. Ke4 Re6 37. Kd5 Rf6 38.
Kxe5 Rf2 39. Bd1+ Kh3 40. Rc1 Kxh2 41. Rc2 Kg2 42. Rxf2+ Kxf2 43. Kd6 g5 44.
c5 h5 45. Ke7 Bg6 46. c6 g4 47. c7 Bf5 48. Bb3 g3 49. Be6 Bxe6 50. Kxe6 g2
51. c8=Q g1=Q 52. Qc5+ Kg2 53. Qxh5 Qb6+ 54. Kd5 Qb3+ 55. Kd6 Qb6+ 56. Ke7
Qb4+ 57. Ke6 Qxa4 58. Qd5+ Kg1 59. Qc5+ Kh2 60. d4 Qb3+ 61. d5 a4 62. Qf2+
Kh3 63. Qf5+ Kh2 {Game drawn by mutual agreement} 1/2-1/2

[Event "ICC tourney 2721 (40 10)"]
[Site "Internet Chess Club"]
[Date "2021.10.30"]
[Round "5"]
[White "WU, WINSTON:K01-30022609"]
[Black "XIA, JOSHUA:MathMonkey"]
[Result "1-0"]
[ICCResult "Black checkmated"]
[WhiteElo "1336"]
[BlackElo "1472"]
[Opening "Four knights: Scotch, 4...exd4"]
[ECO "C47"]
[NIC "KP.06"]
[Time "20:00:26"]
[PlyCount "121"]
[TimeControl "2400+10"]

1. e4 e5 2. Nf3 Nc6 3. Nc3 Nf6 4. d4 exd4 5. Nxd4 Bc5 6. Nxc6 bxc6 7. Bc4 d6
8. h3 O-O 9. O-O Re8 10. Qf3 h6 11. Bf4 Bb7 12. Rad1 Qe7 13. Rfe1 Rad8 14.
Na4 Bb6 15. Nxb6 cxb6 16. Qd3 d5 17. exd5 Qxe1+ 18. Rxe1 Rxe1+ 19. Kh2 cxd5
20. Bb3 Ne4 21. Qd4 Kf8 22. Qb4+ Nc5 23. Qxe1 d4 24. Bc7 Rd7 25. Bg3 Be4 26.
f3 Bg6 27. Qb4 Kg8 28. Bf2 Nxb3 29. Qxb3 d3 30. cxd3 Rxd3 31. Qc4 Kh7 32.
Bd4 Rd2 33. Bc3 Rd3 34. Qa4 a5 35. Qb5 Rd6 36. Qe5 Rf6 37. f4 h5 38. g4 hxg4
39. hxg4 Bd3 40. f5 Rh6+ 41. Kg2 f6 42. Qd4 Be2 43. g5 Rh5 44. g6+ Kh6 45.
Bd2+ Rg5+ 46. Bxg5+ fxg5 47. Qxb6 Bh5 48. Qd8 Bxg6 49. fxg6 a4 50. b4 axb3
51. axb3 Kxg6 52. b4 Kf5 53. b5 g4 54. b6 g3 55. b7 Ke4 56. b8=Q g5 57. Qe7+
Kd3 58. Qbd6+ Kc2 59. Qec7+ Kb2 60. Qdb6+ Ka1 61. Qca7# {Black checkmated}
1-0

[Event "ICC tourney 2721 (40 10)"]
[Site "Internet Chess Club"]
[Date "2021.10.30"]
[Round "5"]
[White "ACKERMAN, RYAN:RyanTime"]
[Black "RAVIND G N, RICNESH:RickyCarlsen"]
[Result "1-0"]
[ICCResult "Black checkmated"]
[WhiteElo "1744"]
[BlackElo "1700"]
[Opening "Queen's pawn: Charlick (Englund) gambit"]
[ECO "A40"]
[NIC "QO.17"]
[Time "20:00:37"]
[PlyCount "77"]
[TimeControl "2400+10"]

1. d4 e5 2. dxe5 Nc6 3. Bf4 Qe7 4. Nf3 Qb4+ 5. Bd2 Qxb2 6. Nc3 Nb4 7. Nd4 c6
8. Rb1 Qa3 9. Rb3 Qa5 10. a3 Nd5 11. Ne4 Qc7 12. c4 Qxe5 13. cxd5 Qxd4 14.
Re3 Be7 15. d6 f5 16. Bc3 Qxd1+ 17. Kxd1 Kf7 18. dxe7 Nxe7 19. Nd6+ Kf8 20.
Bb4 f4 21. Re4 g5 22. Nf5 d5 23. Bxe7+ Kf7 24. Nd6+ Kg6 25. Re5 h6 26. h4 g4
27. e3 fxe3 28. Bd3+ Kg7 29. fxe3 Bd7 30. Rf1 Be8 31. Bf6+ Kg8 32. Bxh8 Kxh8
33. Nxe8 Kg8 34. Re7 Rxe8 35. Rxe8+ Kg7 36. Re7+ Kg8 37. Rff7 h5 38. Bg6 c5
39. Re8# {Black checkmated} 1-0

[Event "ICC tourney 2721 (40 10)"]
[Site "Internet Chess Club"]
[Date "2021.10.30"]
[Round "5"]
[White "Green II, Eric Melvin Herbert:ChessEric"]
[Black "QI, JENNY:eevee11"]
[Result "1-0"]
[ICCResult "Black checkmated"]
[WhiteElo "1397"]
[BlackElo "1394"]
[Opening "Ruy Lopez: 5.O-O"]
[ECO "C78"]
[NIC "RL.12"]
[Time "20:02:22"]
[PlyCount "97"]
[TimeControl "2400+10"]

1. e4 e5 2. Nf3 Nc6 3. Bb5 a6 4. Ba4 Nf6 5. O-O b5 6. Bb3 Bc5 7. d3 d6 8. h3
O-O 9. Be3 Ba7 10. c3 Bb7 11. Nbd2 d5 12. Bg5 d4 13. Bd5 dxc3 14. bxc3 Qd6
15. a4 Nxd5 16. exd5 Qxd5 17. axb5 axb5 18. Ne4 f6 19. Be3 Bxe3 20. fxe3
Rfd8 21. Nf2 Rxa1 22. Qxa1 Ra8 23. Qb1 Na5 24. e4 Qb3 25. Qe1 Qc2 26. Nd1
Qxd3 27. Nf2 Qc2 28. Qe3 Qb3 29. Nd2 Qe6 30. Qc5 Qc6 31. Qe3 Nc4 32. Nxc4
Qxc4 33. Rd1 Qc6 34. Qd3 Ba6 35. Qe3 Qb6 36. Qd2 Bb7 37. Kh2 Qc6 38. Qe3 f5
39. Re1 Ra3 40. Rc1 b4 41. Rd1 Rxc3 42. Qa7 fxe4 43. Qb8+ Kf7 44. Qd8 e3 45.
Rd7+ Kg6 46. Qe8+ Kh6 47. Ng4+ Kg5 48. Qxe5+ Kh4 49. g3# {Black checkmated}
1-0

[Event "ICC tourney 2721 (40 10)"]
[Site "Internet Chess Club"]
[Date "2021.10.30"]
[Round "5"]
[White "LIU, PATRICK PEIJUN:JunlinTheWorld"]
[Black "THAIN, JACK:jt1819"]
[Result "1-0"]
[ICCResult "Black resigns"]
[WhiteElo "1787"]
[BlackElo "1719"]
[Opening "Queen's Indian: 4.g3 Bb7"]
[ECO "E15"]
[NIC "QI.06"]
[Time "20:00:12"]
[PlyCount "163"]
[TimeControl "2400+10"]

1. d4 Nf6 2. Nf3 e6 3. c4 b6 4. g3 Bb7 5. Bg2 c5 6. e3 d6 7. O-O Be7 8. b3
O-O 9. Bb2 Nbd7 10. Nc3 a6 11. Qc2 Rc8 12. Rad1 cxd4 13. exd4 b5 14. cxb5
axb5 15. Qd2 b4 16. Ne2 Bxf3 17. Bxf3 d5 18. Rc1 Qa5 19. a4 Qa6 20. Nf4 Rxc1
21. Rxc1 Rc8 22. Be2 Qb7 23. Rxc8+ Qxc8 24. Qc1 Qxc1+ 25. Bxc1 Ne4 26. f3
Nc3 27. Bd3 Bd8 28. Ng2 Bb6 29. Be3 Nb8 30. Bb5 Nxb5 31. axb5 Nd7 32. Kf1
Kf8 33. f4 f5 34. Ne1 Ke7 35. Nd3 Nf6 36. Nxb4 Ne4 37. Na2 Kd6 38. Ke2 Ba5
39. b4 Bd8 40. Kd3 Kc7 41. Nc1 Kb6 42. Nb3 Kxb5 43. Nc5 Be7 44. Nxe6 g6 45.
Nc7+ Kc6 46. Na6 Kb6 47. Nc5 Kb5 48. Bd2 Nxd2 49. Kxd2 Kxb4 50. Nd7 Bd8 51.
Kd3 Be7 52. Nb6 Kb5 53. Nxd5 Bd8 54. h3 Kc6 55. Ne3 Ba5 56. g4 fxg4 57. Nxg4
Bd8 58. Ke4 Kd6 59. Ne5 Ke6 60. d5+ Kf6 61. Ng4+ Ke7 62. Ne3 Kf6 63. Nc4 g5
64. f5 h5 65. Ne3 Bb6 66. d6 Bc5 67. Nd5+ Kf7 68. d7 Be7 69. Nb4 g4 70. hxg4
hxg4 71. Nd5 g3 72. Kf3 Bd8 73. Kxg3 Kg7 74. Kf4 Kf7 75. Ke4 Kg7 76. Nf4 Kf6
77. Ne6 Ke7 78. Nxd8 Kxd8 79. Ke5 Ke7 80. d8=Q+ Kxd8 81. Kf6 Ke8 82. Kg7
{Black resigns}
1-0

[Event "ICC tourney 2721 (40 10)"]
[Site "Internet Chess Club"]
[Date "2021.10.30"]
[Round "5"]
[White "Fong, Kevin:kleong12"]
[Black "VALE CRUZ, ARMIN:trucker"]
[Result "1-0"]
[ICCResult "Black resigns"]
[WhiteElo "1759"]
[BlackElo "1701"]
[Opening "Pirc defense"]
[ECO "B07"]
[NIC "PU.07"]
[Time "20:00:32"]
[PlyCount "155"]
[TimeControl "2400+10"]

1. e4 d6 2. d4 Nf6 3. Nc3 g6 4. Be3 c6 5. h3 Qa5 6. Bd3 Bg7 7. f4 e5 8. fxe5
dxe5 9. Nf3 Nbd7 10. dxe5 Nxe5 11. Nxe5 Qxe5 12. O-O Bxh3 13. Qf3 Bg4 14.
Qf2 O-O 15. Bd4 Nxe4 16. Bxe5 Nxf2 17. Bxg7 Kxg7 18. Rxf2 Rae8 19. Raf1 Re7
20. Rf4 Bc8 21. Ne4 h6 22. a4 Rd8 23. Nf6 Rd6 24. Bc4 Bf5 25. Nh5+ Kh8 26.
Ng3 Bxc2 27. Rxf7 Rxf7 28. Rxf7 Rd1+ 29. Kh2 Rd4 30. b3 Rh4+ 31. Kg1 Rg4 32.
Kf2 b5 33. axb5 cxb5 34. Bxb5 Bxb3 35. Rxa7 h5 36. Be2 Rf4+ 37. Ke3 Rf8 38.
Bf3 Rf7 39. Rxf7 Bxf7 40. Kf4 Bc4 41. Kg5 Kg7 42. Ne4 Bf7 43. Nd6 Be6 44.
Be4 h4 45. Kxh4 Kf6 46. Bf3 Ke5 47. Ne4 Kf4 48. Ng5 Bf5 49. g3+ Ke5 50. Bg4
Bd3 51. Bf3 Kf6 52. Kg4 Bf5+ 53. Kf4 Bc2 54. Be4 Bd1 55. Bd3 Bb3 56. Ne4+
Kg7 57. Kg5 Be6 58. Nd6 Bf7 59. Nxf7 Kxf7 60. Bxg6+ Kg7 61. Kh5 Kg8 62. Kh6
Kh8 63. Be4 Kg8 64. g4 Kh8 65. g5 Kg8 66. g6 Kh8 67. g7+ Kg8 68. Bh7+ Kf7
69. g8=Q+ Ke7 70. Kg6 Kd6 71. Kf6 Kc5 72. Ke5 Kc6 73. Qe6+ Kc5 74. Qd6+ Kc4
75. Bd3+ Kc3 76. Qd4+ Kd2 77. Ke4 Ke1 78. Ke3 {Black resigns} 1-0